 Dungeon Crawl Stone Soup version 0.29.1-12-g30fa7ad0bf (webtiles) character file.

Game seed: 7568074219795411858

2739 suipiss the Changer (level 9, -3/66 HPs)
             Began as a Demonspawn Transmuter on Jan 15, 2023.
             Was a Follower of Kikubaaqudgha.
             Killed by the air
             ... invoked by Gastronok
              (32 damage)
             ... on level 8 of the Dungeon.
             The game lasted 00:11:31 (8228 turns).

suipiss the Changer (Demonspawn Transmuter)         Turns: 8228, Time: 00:11:31

Health: -3/66      AC:  2    Str: 10    XL:     9   Next: 40%
Magic:  18/18      EV: 26    Int: 19    God:    Kikubaaqudgha [*.....]
Gold:   321        SH:  0    Dex: 19    Spells: 10/20 levels left

rFire   . . .      SeeInvis .     - Unarmed
rCold   . . .      Faith    .   (shield currently unavailable)
rNeg    . . .      Spirit   .   (body armour currently unavailable)
rPois   x          Reflect  .   (helmet currently unavailable)
rElec   .          Harm     .   (cloak currently unavailable)
rCorr   +          Rampage  .   (gloves currently unavailable)
Will    .....                   (boots currently unavailable)
Stlth   ++........              (no amulet)
HPRegen 0.21/turn               b - ring of resist corrosion
MPRegen 0.16/turn               q - +4 ring of evasion

@: mighty, spider-form (expiring)
A: venomous fangs, tiny, (hooves 1), foul stench 1, (spiny 1), (sharp scales 1)
a: End Transformation, Renounce Religion, Unearth Wretches


You were on level 8 of the Dungeon.
You worshipped Kikubaaqudgha.
Kikubaaqudgha was aware of your devotion.
You were a venomous arachnid creature.
You visited 1 branch of the dungeon, and saw 8 of its levels.
You also visited: Sewer.

You collected 321 gold pieces.

Inventory:

Missiles
 c - 2 throwing nets
Armour
 a - a +0 robe (melded)
 k - a +0 cloak (melded)
 y - a +0 helmet of see invisible (melded)
Jewellery
 b - a ring of resist corrosion (left front leg)
 i - a ring of fire
 q - a +4 ring of evasion (right front leg)
 D - a ring of fire
Wands
 F - a wand of flame (16)
Scrolls
 d - 2 scrolls of summoning {unknown}
 f - 2 scrolls of brand weapon {unknown}
 h - a scroll of vulnerability {unknown}
 j - a scroll of amnesia
 n - 3 scrolls of fog
 p - 3 scrolls of noise {unknown}
 v - 2 scrolls of fear {unknown}
 A - a scroll of poison {unknown}
 B - a scroll of magic mapping {unknown}
 C - a scroll of torment {unknown}
 E - a scroll of teleportation {unknown}
Potions
 e - a potion of brilliance {unknown}
 l - 3 potions of haste
 m - 4 potions of mutation
 o - 3 potions of flight
 s - 2 potions of berserk rage {unknown}
 t - a potion of degeneration {unknown}
 u - 2 potions of cancellation
 w - 3 potions of attraction {unknown}
 x - 2 potions of lignification
 z - a potion of ambrosia {unknown}


   Skills:
 + Level 4.6 Fighting
 + Level 4.4 Dodging
 + Level 4.9 Unarmed Combat
 * Level 6.2 Spellcasting
 * Level 4.5 Necromancy
 * Level 6.2 Transmutations


You had 10 spell levels left.
You knew the following spells:

 Your Spells              Type           Power      Damage    Failure   Level
a - Beastly Appendage     Tmut           58%        N/A       4%          1
b - Wereblood             Tmut           29%        N/A       6%          2
c - Spider Form           Tmut/Pois      17%        N/A       22%         3
d - Apportation           Tloc           10%        N/A       26%         1
e - Vampiric Draining     Necr           23%        2d7       14%         3

Your spell library contained the following spells:

 Spells                   Type           Power      Damage    Failure   Level
 Necrotise                Necr           92%        1d8       7%          1
 Sublimation of Blood     Necr           23%        N/A       10%         2
 Foxfire                  Conj/Fire      20%        2x1d5     26%         1
 Animate Dead             Necr           23%        N/A       36%         4
 Ice Form                 Ice/Tmut       17%        N/A       52%         4
 Conjure Flame            Conj/Fire      5%         6-21      54%         3
 Inner Flame              Hex/Fire       5%         N/A       54%         3
 Alistair's Intoxication  Tmut/Pois      11%        N/A       82%         5
 Flame Wave               Conj/Fire      5%         2d5       88%         4


Dungeon Overview and Level Annotations

Branches:
Dungeon (8/15)             Temple (0/1) D:4           Sewer (visited)
   Lair: D:8-11

Altars:
Cheibriados
Kikubaaqudgha
Makhleb
Yredelemnul

Shops:
D:3 ?

Annotations:
D:8 Gastronok


Innate Abilities, Weirdness & Mutations

You are a venomous arachnid creature.
You have poisonous fangs.
You are tiny and dextrous.
Your spellcasting is less reliable in this form.
Your armour is entirely melded.
You are incapable of wielding weapons or throwing items.
((You have large cloven feet.))
You may rarely emit foul miasma when damaged in melee.
((You are partially covered in sharp spines.))
((You are partially covered in razor-sharp scales. (AC +1, Slay +1)))


Message History

The quokka completely misses you. Gastronok completely misses you.
You hit Gastronok but do no damage.
Gastronok looks as sick as possible!
Gastronok is heavily wounded.
The rat completely misses you. The rat barely misses you.
The quokka barely misses you.
You hit Gastronok.
Gastronok looks as sick as possible!
Gastronok is heavily wounded.
The quokka completely misses you. The rat completely misses you. x2
You hit Gastronok.
Gastronok is severely wounded.
The quokka misses you. The rat completely misses you. x2
Gastronok casts a spell.
You hit Gastronok.
Gastronok looks as sick as possible!
Gastronok is severely wounded.
The quokka closely misses you. The rat completely misses you.
The rat misses you.
You bite Gastronok!
Gastronok is severely wounded.
The quokka closely misses you. Gastronok bites you!
The rat completely misses you. The rat bites you.
You emit a cloud of foul miasma!
You hit Gastronok.
Gastronok looks as sick as possible!
Gastronok is severely wounded.
The quokka closely misses you. The rat barely misses you.
The rat is engulfed in dark miasma.
The rat is poisoned.
You kill the rat!
The rat's corpse disappears in a puff of smoke!
You feel very mighty all of a sudden. The quokka barely misses you.
Gastronok bites you!!
* * * LOW HITPOINT WARNING * * *
The quokka completely misses you. The rat closely misses you.
You feel better. The quokka completely misses you.
The rat completely misses you.
You feel better.
Your transformation is almost over.
The quokka completely misses you.
Gastronok waves his eye-stalks in wide circles.
The air twists around and strikes you!!
You die...
Kikubaaqudgha rasps: "You have failed me!
Welcome... death!"

...# #####....
.......[# #
.##...#..#+###.#
.#
#....$[>.......
. +..(.....b...
#. #.......rrw#
#.##........s.#
#............○#
## #...........+
. #..........=#
#.#......$....#
#)#.########.##
#......# #...
###.##.# #####
#.....##.#


You could see Gastronok (swift, extremely poisoned), a quokka (summoned), a bat
(summoned) and a rat (summoned).

Vanquished Creatures
  A two-headed ogre (D:8)
  Grinder (D:4)
  A steam dragon (D:7)
  Edmund (D:4)
  Duvessa (D:7)
  2 black bears
  Pargi (Sewer)
  An ogre (D:5)
  A centaur (D:7)
  A kobold brigand (D:3)
  A necrophage (D:5)
  4 scorpions
  Dowan (D:7)
  Crazy Yiuf (D:4)
  2 jellies
  3 hounds
  A gnoll bouda (D:7)
  2 iguanas
  5 orc wizards
  16 gnolls
  7 adders
  A white imp (D:7)
  An ufetubus (D:5)
  6 worms
  A dart slug (D:1)
  17 orcs
  10 endoplasms
  4 giant cockroaches
  14 goblins
  10 hobgoblins
  4 jackals (D:1)
  4 quokkas
  11 ball pythons
  5 bats
  3 frilled lizards
  13 kobolds
  7 rats
165 creatures vanquished.

Notes
Turn   | Place    | Note
-------+----------+-------------------------------------------
     0 | D:1      | suipiss the Demonspawn Transmuter began the quest for the
                  | Orb.
     0 | D:1      | Reached XP level 1. HP: 15/15 MP: 3/3
    50 | D:1      | Lost mutation: You have razor-sharp toenails. [demonic
                  | ancestry]
    50 | D:1      | Lost mutation: You have sharp toenails. [demonic ancestry]
    50 | D:1      | Gained mutation: You have large cloven feet. [demonic
                  | ancestry]
    50 | D:1      | Reached XP level 2. HP: 14/21 MP: 3/5
   583 | D:1      | Gained mutation: You may rarely emit foul miasma when
                  | damaged in melee. [demonic ancestry]
   583 | D:1      | Reached XP level 3. HP: 23/26 MP: 6/6
   598 | D:1      | Learned a level 2 spell: Wereblood
  1804 | D:2      | Reached XP level 4. HP: 32/32 MP: 6/8
  2006 | D:2      | Found a basalt altar of Yredelemnul.
  2283 | D:3      | Found Jitisaif's Magic Scroll Boutique.
  2600 | D:3      | Gained mutation: You are partially covered in sharp spines.
                  | [demonic ancestry]
  2600 | D:3      | Reached XP level 5. HP: 14/38 MP: 7/9
  3680 | D:4      | Noticed Grinder
  3692 | D:4      | Killed Grinder
  3693 | D:4      | Reached XP level 6. HP: 40/46 MP: 11/11
  3702 | D:4      | Found a runed translucent door.
  3703 | D:4      | Noticed Crazy Yiuf
  3712 | D:4      | Killed Crazy Yiuf
  3821 | D:4      | Gained mutation: You are partially covered in razor-sharp
                  | scales. (AC +1, Slay +1) [demonic ancestry]
  3821 | D:4      | Reached XP level 7. HP: 46/51 MP: 9/13
  3842 | D:4      | Found a glowing drain.
  3847 | Sewer    | Entered a sewer
  3854 | Sewer    | Noticed Pargi
  3863 | Sewer    | Killed Pargi
  4654 | D:4      | Found a burning altar of Makhleb.
  4654 | D:4      | Found an ancient bone altar of Kikubaaqudgha.
  4750 | D:4      | Noticed Edmund
  4760 | D:4      | Killed Edmund
  4882 | D:4      | Found a staircase to the Ecumenical Temple.
  5235 | D:4      | Became a worshipper of Kikubaaqudgha
  5292 | D:5      | Entered Level 5 of the Dungeon
  5403 | D:5      | Reached skill level 1 in Necromancy
  5403 | D:5      | Reached XP level 8. HP: 58/58 MP: 12/15
  5413 | D:5      | Reached skill level 5 in Spellcasting
  5413 | D:5      | Reached skill level 5 in Transmutations
  5648 | D:5      | Learned a level 3 spell: Spider Form
  5754 | D:5      | Identified the +1 great mace of the Hurling Blowfly
                  | {vorpal, Contam rF+ Str+5}
  6843 | D:6      | Found a snail-covered altar of Cheibriados.
  6854 | D:6      | Learned a level 1 spell: Apportation
  7311 | D:7      | Noticed Dowan
  7312 | D:7      | Noticed Duvessa
  7323 | D:7      | Killed Duvessa
  7329 | D:7      | Killed Dowan
  7386 | D:7      | Reached XP level 9. HP: 35/65 MP: 6/17
  7392 | D:7      | Reached * piety under Kikubaaqudgha
  7392 | D:7      | Received a gift from Kikubaaqudgha
  7562 | D:7      | Learned a level 3 spell: Vampiric Draining
  8136 | D:8      | Noticed a two-headed ogre
  8144 | D:8      | Killed a two-headed ogre
  8199 | D:8      | Noticed Gastronok
  8228 | D:8      | Killed from afar by Gastronok

Illustrated notes

Levels and vault maps discovered:
D:1:      dpeg_arrival_tiny_h, layout_rooms, minmay_statues_item
D:2:      layout_rooms, basic_altar, minmay_misc_feat_plants
D:3:      layout_loops_corners, serial_shops, nicolae_shop_behind_doors,
          minmay_pentangle
D:4:      layout_layer_cave, gammafunk_temple_overflow_elements,
          minmay_temple_entry_hall, portal_sewer_entry_e, uniq_edmund,
          uniq_crazy_yiuf_cottage, uniq_grinder
D:5:      layout_cave_pools
D:6:      nicolae_cairo_tiling, layout_loops_ring, mainiacjoe_overflow_catwalk
D:7:      layout_rooms, hex_medium, uniq_duvessa
D:8:      layout_basic, kennysheep_little_box, kennysheep_generic_room_14,
          uniq_gastronok, uniq_erica

Skill      XL: |  1  2  3  4  5  6  7  8  9 |
---------------+----------------------------+-----
Transmutations | 2 3 4 5 6 |  6.2
Dodging        | 2 3 4 |  4.4
Unarmed Combat | 3 4 |  4.9
Fighting       | 2 3 4 |  4.6
Spellcasting   | 3 4 5 6 |  6.2
Necromancy     | 1 3 4 |  4.5

Action                   |  1- 3 |  4- 6 |  7- 9 || total
-------------------------+-------+-------+-------++-------
Melee: Unarmed           |   121 |   120 |   223 ||   464
       Kick              |    30 |    32 |    30 ||    92
       Headbutt          |    12 |    15 |    23 ||    50
       Punch             |     1 |       |     3 ||     4
 Cast: Beastly Appendage |    14 |    23 |    29 ||    66
       Wereblood         |     1 |     6 |    11 ||    18
       Spider Form       |       |       |    11 ||    11
  Use: Scroll            |     2 |     6 |     2 ||    10
       Potion            |     1 |     2 |     5 ||     8
 Stab: Sleeping          |     1 |       |     2 ||     3
       Invisible         |       |     3 |       ||     3
Armor: Robe              |    29 |    13 |    10 ||    52
       Skin              |    10 |       |     4 ||    14
Dodge: Dodged            |    62 |    71 |   224 ||   357
